 Dungeon Crawl Stone Soup version 0.28.0 (webtiles) character file.

Game seed: 6967278457437882049

94 rabbitsville the Sneak (level 4, -2/33 HPs)
             Began as a Vampire Brigand on Feb 16, 2022.
             Slain by a gnoll (8 damage)
             ... on level 3 of the Dungeon on Feb 17, 2022.
             The game lasted 00:16:37 (2308 turns).

rabbitsville the Sneak (Vampire Brigand)            Turns: 2308, Time: 00:16:38

Health: -2/33      AC:  6    Str: 10    XL:     4   Next: 38%
Magic:  4/4        EV: 13    Int: 13    God:
Gold:   55         SH:  0    Dex: 21    Spells: 3/3 levels left

rFire   + . .      SeeInvis +   g - +1 dagger (venom)
rCold   . . .      Faith    .   (no shield)
rNeg    . . .      Spirit   .   k - +1 robe of the Original Sin {Dex+4}
rPois   .          Reflect  .   p - +1 hat
rElec   .          Harm     .   c - +0 cloak
rCorr   .          Rampage  .   u - +0 pair of gloves
Will    .....                   (no boots)
Stlth   ++++......              (no amulet)
HPRegen 0.31/turn               l - ring of protection from fire
MPRegen 0.09/turn               (no ring)

@: healing quickly
A: alive, fangs 3, see invisible, vampiric 2
a: Exsanguinate


You were on level 3 of the Dungeon.
You visited 1 branch of the dungeon, and saw 4 of its levels.

You collected 55 gold pieces.

Inventory:

Hand Weapons
 a - a +2 dagger
 g - a +1 dagger of venom (weapon)
Missiles
 d - 2 poisoned darts (quivered)
 e - 2 curare-tipped darts
Armour
 b - a +0 robe
 c - a +0 cloak (worn)
 k - the +1 robe of the Original Sin (worn) {Dex+4}
   (You found it on level 2 of the Dungeon)

   Dex:       It affects your dexterity (+4).
 p - a +1 hat (worn)
 u - a +0 pair of gloves (worn)
Jewellery
 l - a ring of protection from fire (left hand)
 r - a ring of protection from cold
Scrolls
 f - 4 scrolls of identify {unknown}
 h - 2 scrolls of magic mapping {unknown}
 o - a scroll of torment {unknown}
 q - 3 scrolls of teleportation {unknown}
 t - a scroll of acquirement {unknown}
 v - a scroll of holy word {unknown}
Potions
 i - a potion of mutation {unknown}
 j - 2 potions of curing {unknown}
 m - a potion of haste {unknown}
 n - a potion of heal wounds {unknown}
 s - a potion of invisibility {unknown}


   Skills:
 - Level 1.7 Fighting
 + Level 3.0 Short Blades
 - Level 2.5 Throwing
 + Level 2.2 Dodging
 * Level 6.7 Stealth


You had 3 spell levels left.
You didn't know any spells.
Your spell library was empty.

Dungeon Overview and Level Annotations

Branches:
Dungeon (4/15)             Temple (0/1) D:4

Altars:

Annotations:
D:4 4 exclusions, Sigmund


Innate Abilities, Weirdness & Mutations

Your natural rate of healing is accelerated.
You have razor-sharp teeth.
You have supernaturally acute eyesight. (SInv)
You are afflicted with vampirism and can become a bat while bloodless.


Message History

You see here the +0 robe of the Hall of Blades {rCorr}.
Throw: 3 darts (poison)
Press: ? - help, Q - select action, (/) - cycle Shift-Dir - straight line, f - gnoll, p - gnoll
Aim: a gnoll, wielding a +0 spear (66% to hit)
You throw a poisoned dart. The poisoned dart hits the gnoll.
The gnoll is poisoned.
The gnoll hits you from afar with a +0 spear.
The gnoll hits you with a +0 spear. The gnoll closely misses you.
You barely miss the gnoll. You bite the gnoll.
The gnoll is moderately wounded.
The gnoll closely misses you.
The gnoll hits you with a +1 halberd of venom.
You are poisoned.
You barely miss the gnoll.
The gnoll is heavily wounded.
You feel sick. The gnoll hits you with a +0 spear. The gnoll barely misses you.
You hit the gnoll but do no damage. You bite the gnoll, but do no damage.
The gnoll is heavily wounded.
You feel sick. The gnoll closely misses you. The gnoll misses you.
You hit the gnoll.
The gnoll looks as sick as possible!
The gnoll is almost dead.
You feel sick. The gnoll hits you with a +0 spear.
The gnoll hits you with a +1 halberd of venom.
You hit the gnoll.
You kill the gnoll!
You feel sick. The gnoll hits you with a +0 spear.
* * * LOW HITPOINT WARNING * * *
You hit the gnoll but do no damage. You bite the gnoll, but do no damage.
You feel sick. The gnoll barely misses you.
You closely miss the gnoll.
You feel sick.
The gnoll looks more healthy.
The gnoll completely misses you.
You hit the gnoll. Your bite misses the gnoll.
The gnoll is moderately wounded.
The gnoll misses you. The gnoll closely misses you.
You hit the gnoll.
The gnoll is severely wounded.
You feel sick.
You are no longer poisoned.
The gnoll hits you with a +0 flail!
You die...

...... ####.##.................#
.....# ...# #......g.###......#
....# ##.# ##(.......# ##.....#
...## ##..###.........# #......
.... ##.#......(......# #......
.######..##.....((.....# #......
.........##)..##.##..### #......
................gg...###.........
.........#...###@#.............#.
................[).............##
<.........######.###.##..........
.........## #..# .# #. .#
..#.##...# #.## # ... ...........
.. ## . ..#.####### ##. # ..#.#
.. # ..#.# .#


You could see 2 gnolls.

Vanquished Creatures
  5 gnolls
  A worm (D:2)
  3 dart slugs
  An orc (D:2)
  A ball python (D:1)
  6 endoplasms
  3 giant cockroaches
  3 goblins (D:1)
  4 hobgoblins
  2 bats (D:2)
  A kobold (D:2)
  6 rats
36 creatures vanquished.

Notes
Turn   | Place    | Note
-------+----------+-------------------------------------------
     0 | D:1      | rabbitsville the Vampire Brigand began the quest for the
                  | Orb.
     0 | D:1      | Reached XP level 1. HP: 16/16 MP: 1/1
   214 | D:1      | Reached skill level 6 in Stealth
   259 | D:1      | Reached XP level 2. HP: 17/22 MP: 2/2
   878 | D:2      | Found a faded altar of an unknown god.
   951 | D:2      | Gained mutation: You are afflicted with vampirism and can
                  | become a bat while bloodless. [Vampire growth]
   951 | D:2      | Reached XP level 3. HP: 27/27 MP: 3/3
   965 | D:2      | Identified the +1 robe of the Original Sin {Dex+4}
  1530 | D:1      | Reached XP level 4. HP: 21/33 MP: 4/4
  2081 | D:4      | Found a staircase to the Ecumenical Temple.
  2081 | D:4      | Noticed Sigmund
  2288 | D:3      | Identified the +0 robe of the Hall of Blades {rCorr}
  2308 | D:3      | Slain by a gnoll

Illustrated notes

Levels and vault maps discovered:
D:1:      dpeg_arrival_houses_and_road, layout_loops_ring
D:2:      layout_basic, hellmonk_ecumenical_altar_heavens_door,
          minmay_pentomino_q4
D:3:      layout_rooms, minmay_cut_off
D:4:      layout_loops_corners, minmay_temple_entry_sparse_star, st_stairs_1,
          minmay_misc_feat_diagonals, uniq_natasha, uniq_sigmund

Skill      XL: |  1  2  3  4 |
---------------+-------------+-----
Stealth        | 6 |  6.7
Throwing       | 2 |  2.5
Dodging        | 2 |  2.2
Short Blades   | 3 |  3.0
Fighting       | |  1.7

Action                   |  1- 3 |  4- 6 || total
-------------------------+-------+-------++-------
Melee: Dagger            |    77 |    27 ||   104
       Bite              |     8 |     3 ||    11
       Punch             |     1 |       ||     1
Throw: Dart              |    18 |     9 ||    27
  Use: Potion            |     1 |       ||     1
 Stab: Sleeping          |     1 |       ||     1
Armor: Robe              |    11 |     3 ||    14
Dodge: Dodged            |    34 |    16 ||    50
